Avalanche vs Flyers

Created - 19 mars 2020 at 16:52

Goals
1 2 3 T
Avalanche 2 1 1 4
Flyers 0 1 0 1
Shots
1 2 3 T
Avalanche 14 12 10 36
Flyers 8 21 4 33

1st period

1. Avalanche , Eric Fehr 4 (Patrick Marleau 11, Ryan Ellis 17) at 12:36
2. Avalanche , Brayden Point 23 (Zack Kassian 11) at 16:33

Penalties :
Nikita Zadorov (PHI) for Hooking (Minor) at 13:25

2nd period

3. Flyers , Patrick Kane 36 (Leon Draisaitl 41, Vincent Trocheck 25) at 6:41
4. Avalanche , Anthony Duclair 16 (Carl Soderberg 25, Ryan Ellis 18) at 10:13

Penalties :
Tyson Barrie (PHI) for Hooking (Minor) at 1:32

3rd period

5. Avalanche , Anthony Duclair 17 (Carl Soderberg 26, Ryan Ellis 19) at 2:37

Penalties :
Rasmus Ristolainen (PHI) for Boarding (Minor) at 14:51

Goalie Stats

Pekka Rinne (COL), 32 saves from 33 shots - (0,970), W, 29-19-4, 60:00 minutes
Matt Murray (PHI), 32 saves from 36 shots - (0,889), L, 28-17-5, 60:00 minutes

Players Stats for Avalanche

Player Name              G  A  P  +/- PIM S  H  SB GA TA FO     MP     PP MP  PK MP  
------------------------------------------------------------------------------------
Aleksander Barkov        0  0  0   1  0   3  1  2  1  0  14/24  19:29   3:25   0:00 
Anthony Duclair          2  0  2   1  0   5  0  0  1  0  0/0    16:47   2:22   0:00 
Brayden Point            1  0  1   1  0   4  0  0  1  0  0/0    20:03   3:19   0:00 
Carl Soderberg           0  2  2   1  0   3  2  1  0  1  8/13   17:08   0:27   0:00 
Eric Fehr                1  0  1   1  0   2  1  1  0  0  1/4     8:20   0:05   0:00 
Jaccob Slavin            0  0  0   0  0   0  0  1  0  0  0/0    20:03   1:53   0:00 
Jay Bouwmeester          0  0  0   1  0   2  1  1  2  0  0/0    16:57   0:00   0:00 
Jujhar Khaira            0  0  0   1  0   0  1  1  0  0  0/0     2:20   0:00   0:00 
Kevin Connauton          0  0  0   1  0   0  1  0  0  0  0/0    16:57   0:00   0:00 
Mark Giordano            0  0  0   0  0   0  1  1  0  0  0/0    21:23   4:04   0:00 
Mark Stone               0  0  0   0  0   3  2  0  0  0  0/2    19:01   2:27   0:00 
Mattias Ekholm           0  0  0   2  0   1  1  1  0  0  0/0    21:40   1:53   0:00 
Nikita Kucherov          0  0  0   1  0   4  0  0  1  0  0/1    19:50   3:19   0:00 
Patrick Marleau          0  1  1   1  0   3  3  0  2  0  0/0     8:11   0:00   0:00 
Reilly Smith             0  0  0   0  0   1  1  1  0  1  0/1    16:15   0:00   0:00 
Ryan Ellis               0  3  3   2  0   3  1  2  0  0  0/0    23:00   4:04   0:00 
Sean Couturier           0  0  0   0  0   1  3  0  1  0  10/17  19:01   2:27   0:00 
Zack Kassian             0  1  1   1  0   1  1  1  0  1  2/4    13:35   0:00   0:00 

Players Stats for Flyers

Player Name              G  A  P  +/- PIM S  H  SB GA TA FO     MP     PP MP  PK MP  
------------------------------------------------------------------------------------
Brandon Montour          0  0  0  -1  0   1  1  6  0  0  0/0    24:04   0:00   2:38 
Calle Jarnkrok           0  0  0  -1  0   4  0  0  0  2  2/8    12:03   0:00   3:13 
Casey Cizikas            0  0  0   0  0   1  4  0  0  0  7/12   16:28   0:00   2:40 
Filip Forsberg           0  0  0  -1  0   4  2  0  0  0  1/1    14:24   0:00   1:01 
Jakub Vrana              0  0  0   0  0   4  1  0  0  1  1/1    13:48   0:00   0:00 
Kevin Fiala              0  0  0  -1  0   0  0  0  0  0  0/0     9:01   0:00   0:00 
Kevin Labanc             0  0  0  -1  0   2  0  0  0  0  0/0     9:12   0:00   0:00 
Leon Draisaitl           0  1  1  -1  0   2  1  0  0  1  12/24  17:08   0:00   0:22 
Martin Necas             0  0  0   0  0   1  1  1  1  0  0/2    13:48   0:00   0:00 
Mike Matheson            0  0  0  -3  0   1  1  2  0  1  0/0    21:11   0:00   3:19 
Nikita Zadorov           0  0  0   1  2   1  1  1  0  0  0/0    17:43   0:00   2:19 
Patrick Kane             1  0  1  -1  0   1  1  0  0  0  0/1    16:31   0:00   0:00 
Rasmus Ristolainen       0  0  0  -1  2   1  1  1  0  1  0/0    21:31   0:00   1:00 
T.J. Brodie              0  0  0   1  0   2  1  1  0  1  0/0    18:46   0:00   2:38 
Travis Konecny           0  0  0  -1  0   1  0  1  1  0  1/2    13:08   0:00   0:00 
Travis Zajac             0  0  0  -1  0   2  1  2  1  1  7/13   16:44   0:00   2:19 
Tyson Barrie             0  0  0  -3  2   2  0  1  0  1  0/0    18:28   0:00   0:00 
Vincent Trocheck         0  1  1  -1  0   3  2  0  0  0  0/2    20:02   0:00   2:19 

3 Stars

1 - Pekka Rinne (COL)
2 - Anthony Duclair (COL)
3 - Ryan Ellis (COL)

Power Play

Avalanche - 0 on 3 Attempt(s) - 0,00%
Flyers - 0 on 0 Attempt(s) - 0,00%

Penalty Kill

Avalanche - 0 on 0 Attempt(s) - 0,00% - Score 0 goal in Penalty Kill
Flyers - 3 on 3 Attempt(s) - 100,00% - Score 0 goal in Penalty Kill

Team Stat

Avalanche - Hits : 20 - Faceoff Wins : 35 - Blocked Shots : 13 - Penalty Minutes : 0
Flyers - Hits : 18 - Faceoff Wins : 31 - Blocked Shots : 16 - Penalty Minutes : 6

Official

Referees : Chris Rooney and Brad Watson
Linesman : Bryan Pancich and Mike Cvik

Game Notes

Jujhar Khaira is injured at 15:39 of 1st period (Sore Right Knee)

Finance

Level 1 -- Attendance: 5424 (90,40%) -- Ticket Income 515 280 $
Level 2 -- Attendance: 4869 (97,38%) -- Ticket Income 262 926 $
Level 3 -- Attendance: 1906 (95,30%) -- Ticket Income 62 898 $
Level 4 -- Attendance: 3748 (93,70%) -- Ticket Income 82 456 $
Luxury Box -- Attendance: 941 (94,10%) -- Ticket Income 155 265 $
Game was played at the Spectrum.
Total Attendance: 16888 (93,82%)
Total Ticket Income: 1 078 825 $
Other Income: 528 624 $
Total Income: 1 607 449 $

Avalanche

5 vs 5 Forward 
   Center                   Left Wing                Right Wing               Time % Phy DF OF 
 1 Sean Couturier           Reilly Smith             Mark Stone               34     0   1  4  
 2 Aleksander Barkov        Nikita Kucherov          Brayden Point            34     0   1  4  
 3 Carl Soderberg           Anthony Duclair          Zack Kassian             27     0   2  3  
 4 Eric Fehr                Jujhar Khaira            Patrick Marleau          5      0   5  0  

5 vs 5 Defense 
   Defense                  Defense                                           Time % Phy DF OF 
 1 Ryan Ellis               Mattias Ekholm                                    34     0   3  2  
 2 Jaccob Slavin            Mark Giordano                                     34     0   3  2  
 3 Jay Bouwmeester          Kevin Connauton                                   27     0   3  2  
 4 Jay Bouwmeester          Kevin Connauton                                   5      0   5  0  

PowerPlay Forward 
   Center                   Left Wing                Right Wing               Time % Phy DF OF 
 1 Aleksander Barkov        Nikita Kucherov          Brayden Point            60     0   1  4  
 2 Sean Couturier           Anthony Duclair          Mark Stone               40     0   1  4  

PowerPlay Defense
   Defense                  Defense                                           Time % Phy DF OF 
 1 Mark Giordano            Ryan Ellis                                        60     0   3  2  
 2 Mattias Ekholm           Jaccob Slavin                                     40     0   3  2  

Penalty Kill 4 Players Forward 
   Center                   Wing                     Time % Phy DF OF 
 1 Carl Soderberg           Reilly Smith             55     0   3  2  
 2 Sean Couturier           Mark Stone               45     0   3  2  

Penalty Kill 4 Players Defense
   Defense                  Defense                  Time % Phy DF OF 
 1 Mark Giordano            Mattias Ekholm           55     0   4  1  
 2 Jaccob Slavin            Ryan Ellis               45     0   4  1  

Penalty Kill - 3 Players Forward 
   Forward                                           Time % Phy DF OF 
 1 Carl Soderberg                                    55     0   5  0  
 2 Eric Fehr                                         45     0   5  0  

Penalty Kill - 3 Players Defense
   Defense                  Defense                  Time % Phy DF OF 
 1 Mark Giordano            Mattias Ekholm           55     1   4  0  
 2 Jaccob Slavin            Ryan Ellis               45     1   4  0  

4 vs 4 Forward 
   Center                   Wing                     Time % Phy DF OF 
 1 Sean Couturier           Mark Stone               60     0   2  3  
 2 Aleksander Barkov        Reilly Smith             40     0   2  3  

4 vs 4 Defense
   Defense                  Defense                  Time % Phy DF OF 
 1 Mark Giordano            Mattias Ekholm           60     0   3  2  
 2 Jaccob Slavin            Ryan Ellis               40     0   3  2  

Last Minutes Offensive
   Center                   Left Wing                Right Wing               Defense                  Defense                  
   Aleksander Barkov        Nikita Kucherov          Mark Stone               Mark Giordano            Ryan Ellis               

Last Minutes Defensive
   Center                   Left Wing                Right Wing               Defense                  Defense                  
   Sean Couturier           Carl Soderberg           Mark Stone               Mark Giordano            Ryan Ellis               

Goaltenders
Starting : Pekka Rinne              
Backup : Brian Elliott            

Extra Forwards
Normal : Carl Soderberg, Zack Kassian, Anthony Duclair - PP : Carl Soderberg, Brayden Point - PK : Anthony Duclair
Extra Defensemen
Normal : Ryan Ellis, Mark Giordano, Mattias Ekholm - PP : Jay Bouwmeester - PK : Kevin Connauton, Jay Bouwmeester
Penalty Shots
Aleksander Barkov, Sean Couturier, Nikita Kucherov, Mark Stone, Reilly Smith
Custom OT Lines Forwards
Aleksander Barkov, Nikita Kucherov, Sean Couturier, Brayden Point, Carl Soderberg, Mark Stone, Reilly Smith, Zack Kassian, Anthony Duclair, Patrick Marleau
Custom OT Lines Defensemen
Mark Giordano, Mattias Ekholm, Jaccob Slavin, Ryan Ellis, Jay Bouwmeester

Scratches
Robert Bortuzzo (Healthy)

Flyers

5 vs 5 Forward 
   Center                   Left Wing                Right Wing               Time % Phy DF OF 
 1 Leon Draisaitl           Vincent Trocheck         Patrick Kane             32     0   3  2  
 2 Travis Zajac             Filip Forsberg           Travis Konecny           28     0   3  2  
 3 Casey Cizikas            Jakub Vrana              Martin Necas             25     0   3  2  
 4 Calle Jarnkrok           Kevin Labanc             Kevin Fiala              15     0   3  2  

5 vs 5 Defense 
   Defense                  Defense                                           Time % Phy DF OF 
 1 Rasmus Ristolainen       Brandon Montour                                   39     0   3  2  
 2 Tyson Barrie             Mike Matheson                                     33     0   3  2  
 3 Nikita Zadorov           T.J. Brodie                                       28     0   4  1  
 4 Tyson Barrie             Rasmus Ristolainen                                0      1   2  2  

PowerPlay Forward 
   Center                   Left Wing                Right Wing               Time % Phy DF OF 
 1 Leon Draisaitl           Vincent Trocheck         Patrick Kane             55     0   0  5  
 2 Travis Zajac             Filip Forsberg           Travis Konecny           45     0   0  5  

PowerPlay Defense
   Defense                  Defense                                           Time % Phy DF OF 
 1 Rasmus Ristolainen       Martin Necas                                      55     0   1  4  
 2 Tyson Barrie             Brandon Montour                                   45     0   1  4  

Penalty Kill 4 Players Forward 
   Center                   Wing                     Time % Phy DF OF 
 1 Calle Jarnkrok           Casey Cizikas            55     1   4  0  
 2 Travis Zajac             Vincent Trocheck         45     1   4  0  

Penalty Kill 4 Players Defense
   Defense                  Defense                  Time % Phy DF OF 
 1 Brandon Montour          T.J. Brodie              50     1   4  0  
 2 Nikita Zadorov           Mike Matheson            50     1   4  0  

Penalty Kill - 3 Players Forward 
   Forward                                           Time % Phy DF OF 
 1 Casey Cizikas                                     55     0   5  0  
 2 Travis Zajac                                      45     0   5  0  

Penalty Kill - 3 Players Defense
   Defense                  Defense                  Time % Phy DF OF 
 1 Brandon Montour          T.J. Brodie              50     0   5  0  
 2 Nikita Zadorov           Mike Matheson            50     0   5  0  

4 vs 4 Forward 
   Center                   Wing                     Time % Phy DF OF 
 1 Leon Draisaitl           Patrick Kane             55     0   2  3  
 2 Vincent Trocheck         Filip Forsberg           45     0   2  3  

4 vs 4 Defense
   Defense                  Defense                  Time % Phy DF OF 
 1 Rasmus Ristolainen       Brandon Montour          55     0   2  3  
 2 Tyson Barrie             T.J. Brodie              45     0   2  3  

Last Minutes Offensive
   Center                   Left Wing                Right Wing               Defense                  Defense                  
   Leon Draisaitl           Filip Forsberg           Patrick Kane             Tyson Barrie             Rasmus Ristolainen       

Last Minutes Defensive
   Center                   Left Wing                Right Wing               Defense                  Defense                  
   Leon Draisaitl           Casey Cizikas            Travis Zajac             Brandon Montour          Rasmus Ristolainen       

Goaltenders
Starting : Matt Murray              
Backup : Casey DeSmith            

Extra Forwards
Normal : Kevin Labanc, Kevin Fiala, Casey Cizikas - PP : Martin Necas, Kevin Labanc - PK : Filip Forsberg
Extra Defensemen
Normal : Mike Matheson, Rasmus Ristolainen, Nikita Zadorov - PP : Mike Matheson - PK : Brandon Montour, Rasmus Ristolainen
Penalty Shots
Patrick Kane, Leon Draisaitl, Jakub Vrana, Vincent Trocheck, Casey Cizikas
Custom OT Lines Forwards
Patrick Kane, Leon Draisaitl, Filip Forsberg, Vincent Trocheck, Casey Cizikas, Martin Necas, Kevin Fiala, Jakub Vrana, Calle Jarnkrok, Travis Zajac
Custom OT Lines Defensemen
Tyson Barrie, Brandon Montour, T.J. Brodie, Mike Matheson, Nikita Zadorov

Scratches
Ryan Hitchcock (Healthy)

% Time on Ice - Avalanche

Lines # - Real PCT - Wanted PCT - Time Play
Normal Forward
1 - 30% - 34% - 16:29
2 - 30% - 34% - 16:23
3 - 24% - 27% - 13:00
4 - 15% - 5% - 8:11
Normal Defense
1 - 35% - 34% - 18:56
2 - 34% - 34% - 18:10
3 - 28% - 27% - 14:55
4 - 4% - 5% - 2:02
PP Forward
1 - 59% - 60% - 3:30
2 - 41% - 40% - 2:27
PP Defense
1 - 68% - 60% - 4:04
2 - 32% - 40% - 1:53
PK Forward
1 - 0% - 55%
2 - 0% - 45%
PK Defense
1 - 0% - 55%
2 - 0% - 45%
PK3 Forward
1 - 0% - 55%
2 - 0% - 45%
PK3 Defense
1 - 0% - 55%
2 - 0% - 45%
44 Forward
1 - 0% - 60%
2 - 0% - 40%
44 Defense
1 - 0% - 60%
2 - 0% - 40%
Last Minute Offensive  - 0:00
Last Minute Defensive  - 0:00
Total
Forward - 60:00
Defense - 60:00

% Time on Ice - Flyers

Lines # - Real PCT - Wanted PCT - Time Play
Normal Forward
1 - 31% - 32% - 16:46
2 - 27% - 28% - 14:39
3 - 26% - 25% - 13:48
4 - 16% - 15% - 8:50
Normal Defense
1 - 40% - 39% - 21:26
2 - 31% - 33% - 16:48
3 - 28% - 28% - 15:10
4 - 1% - 0% - 0:39
PP Forward
1 - 0% - 55%
2 - 0% - 45%
PP Defense
1 - 0% - 55%
2 - 0% - 45%
PK Forward
1 - 61% - 55% - 3:38
2 - 39% - 45% - 2:19
PK Defense
1 - 44% - 50% - 2:38
2 - 56% - 50% - 3:19
PK3 Forward
1 - 0% - 55%
2 - 0% - 45%
PK3 Defense
1 - 0% - 50%
2 - 0% - 50%
44 Forward
1 - 0% - 55%
2 - 0% - 45%
44 Defense
1 - 0% - 55%
2 - 0% - 45%
Last Minute Offensive  - 0:00
Last Minute Defensive  - 0:00
Total
Forward - 60:00
Defense - 60:00

Play-by-Play

1st period


0:01 of 1st period - Sean Couturier wins face-off versus Leon Draisaitl in neutral zone.
0:08 of 1st period - Slapshot by Sean Couturier.
0:08 of 1st period - Shot Blocked by Rasmus Ristolainen.
0:10 of 1st period - Slapshot by Mattias Ekholm.
0:10 of 1st period - Stopped by Matt Murray with a rebound.
0:12 of 1st period - Slapshot by Ryan Ellis.
0:12 of 1st period - Deflect By Rasmus Ristolainen.
0:12 of 1st period - Stopped by Matt Murray without a rebound.
0:13 of 1st period - Aleksander Barkov wins face-off versus Travis Zajac in Flyers zone.
0:40 of 1st period - Mark Giordano is hit by Casey Cizikas and loses puck.
1:07 of 1st period - Sean Couturier is hit by Nikita Zadorov.
1:31 of 1st period - Snap shot by Leon Draisaitl.
1:31 of 1st period - Shot Misses the Net.
1:36 of 1st period - Icing by Patrick Marleau.
1:37 of 1st period - Travis Zajac wins face-off versus Eric Fehr in Avalanche zone.
1:48 of 1st period - Slapshot by Mark Giordano.
1:48 of 1st period - Shot Misses the Net.
1:52 of 1st period - Snap shot by Mark Giordano.
1:52 of 1st period - Shot Misses the Net.
1:54 of 1st period - Snap shot by Mark Giordano.
1:54 of 1st period - Shot Misses the Net.
1:56 of 1st period - Snap shot by Jaccob Slavin.
1:56 of 1st period - Shot Blocked by Mike Matheson.
1:58 of 1st period - Slapshot by Jaccob Slavin.
1:58 of 1st period - Shot Misses the Net.
2:00 of 1st period - Wrist shot by Eric Fehr.
2:00 of 1st period - Shot Blocked by Travis Zajac.
2:04 of 1st period - Snap shot by Patrick Marleau.
2:04 of 1st period - Shot Misses the Net.
2:06 of 1st period - Wrist shot by Mark Giordano.
2:06 of 1st period - Shot Misses the Net.
2:08 of 1st period - Wrist shot by Jujhar Khaira.
2:08 of 1st period - Shot Blocked by Tyson Barrie.
2:10 of 1st period - Snap shot by Eric Fehr.
2:10 of 1st period - Stopped by Matt Murray with a rebound.
2:12 of 1st period - Snap shot by Patrick Marleau.
2:12 of 1st period - Stopped by Matt Murray without a rebound.
2:13 of 1st period - Aleksander Barkov wins face-off versus Casey Cizikas in Flyers zone.
3:28 of 1st period - Wrist shot by Brayden Point.
3:28 of 1st period - Stopped by Matt Murray with a rebound.
3:38 of 1st period - Slapshot by Kevin Labanc.
3:38 of 1st period - Shot Misses the Net.
3:40 of 1st period - Snap shot by Calle Jarnkrok.
3:40 of 1st period - Stopped by Pekka Rinne without a rebound.
3:41 of 1st period - Leon Draisaitl wins face-off versus Mark Stone in Avalanche zone.
3:44 of 1st period - Slapshot by Leon Draisaitl.
3:44 of 1st period - Deflect By Sean Couturier.
3:44 of 1st period - Shot Blocked by Ryan Ellis.
3:44 of 1st period - Puck is out of play.
3:45 of 1st period - Sean Couturier wins face-off versus Leon Draisaitl in Avalanche zone.
4:02 of 1st period - Snap shot by Sean Couturier.
4:02 of 1st period - Shot Misses the Net.
4:20 of 1st period - Backhand shot by Jakub Vrana.
4:20 of 1st period - Shot Misses the Net.
4:24 of 1st period - Snap shot by Casey Cizikas.
4:24 of 1st period - Deflect By Jakub Vrana.
4:24 of 1st period - Shot Blocked by Ryan Ellis.
4:24 of 1st period - Puck is out of play.
4:25 of 1st period - Travis Zajac wins face-off versus Sean Couturier in Avalanche zone.
4:32 of 1st period - Snap shot by Filip Forsberg.
4:32 of 1st period - Stopped by Pekka Rinne with a rebound.
4:38 of 1st period - Travis Zajac is hit by Sean Couturier and loses puck.
5:10 of 1st period - Casey Cizikas is hit by Patrick Marleau and loses puck.
6:14 of 1st period - Snap shot by Patrick Kane.
6:14 of 1st period - Shot Misses the Net.
6:16 of 1st period - Backhand shot by Brandon Montour.
6:16 of 1st period - Shot Misses the Net.
6:29 of 1st period - Icing by Sean Couturier.
6:30 of 1st period - Casey Cizikas wins face-off versus Mark Stone in Avalanche zone.
6:45 of 1st period - Snap shot by Sean Couturier.
6:45 of 1st period - Shot Misses the Net.
6:47 of 1st period - Snap shot by Reilly Smith.
6:47 of 1st period - Shot Misses the Net.
7:04 of 1st period - Snap shot by Nikita Kucherov.
7:04 of 1st period - Shot Misses the Net.
7:07 of 1st period - Icing by Mike Matheson.
7:08 of 1st period - Carl Soderberg wins face-off versus Leon Draisaitl in Flyers zone.
7:21 of 1st period - Mattias Ekholm is hit by Vincent Trocheck and loses puck.
7:34 of 1st period - Wrist shot by Travis Konecny.
7:34 of 1st period - Stopped by Pekka Rinne with a rebound.
7:36 of 1st period - Snap shot by Mike Matheson.
7:36 of 1st period - Stopped by Pekka Rinne without a rebound.
7:37 of 1st period - Travis Zajac wins face-off versus Sean Couturier in Avalanche zone.
8:04 of 1st period - Sean Couturier is hit by Filip Forsberg and loses puck.
8:17 of 1st period - Wrist shot by Reilly Smith.
8:17 of 1st period - Stopped by Matt Murray without a rebound.
8:18 of 1st period - Carl Soderberg wins face-off versus Casey Cizikas in Flyers zone.
8:29 of 1st period - Wrist shot by Anthony Duclair.
8:29 of 1st period - Stopped by Matt Murray without a rebound.
8:30 of 1st period - Aleksander Barkov wins face-off versus Vincent Trocheck in Flyers zone.
8:43 of 1st period - Wrist shot by Leon Draisaitl.
8:43 of 1st period - Shot Misses the Net.
8:57 of 1st period - Jakub Vrana is hit by Zack Kassian.
9:21 of 1st period - Snap shot by Sean Couturier.
9:21 of 1st period - Shot Blocked by Travis Konecny.
9:44 of 1st period - Snap shot by Kevin Labanc.
9:44 of 1st period - Shot Misses the Net.
9:46 of 1st period - Snap shot by Calle Jarnkrok.
9:46 of 1st period - Shot Misses the Net.
9:48 of 1st period - Slapshot by Mike Matheson.
9:48 of 1st period - Shot Misses the Net.
9:50 of 1st period - Snap shot by Calle Jarnkrok.
9:50 of 1st period - Stopped by Pekka Rinne without a rebound.
9:51 of 1st period - Aleksander Barkov wins face-off versus Leon Draisaitl in Avalanche zone.
9:58 of 1st period - Slapshot by Patrick Kane.
9:58 of 1st period - Shot Misses the Net.
10:02 of 1st period - Wrist shot by Leon Draisaitl.
10:02 of 1st period - Shot Blocked by Jay Bouwmeester.
10:04 of 1st period - Slapshot by Rasmus Ristolainen.
10:04 of 1st period - Stopped by Pekka Rinne with a rebound.
11:46 of 1st period - Zack Kassian is hit by Jakub Vrana and loses puck.
11:53 of 1st period - Casey Cizikas is hit by Ryan Ellis and loses puck.
12:06 of 1st period - Slapshot by Kevin Labanc.
12:06 of 1st period - Stopped by Pekka Rinne with a rebound.
12:12 of 1st period - Kevin Labanc is hit by Mark Stone and loses puck.
12:17 of 1st period - Snap shot by Sean Couturier.
12:17 of 1st period - Shot Misses the Net.
12:19 of 1st period - Snap shot by Reilly Smith.
12:19 of 1st period - Shot Misses the Net.
12:29 of 1st period - Brandon Montour is hit by Patrick Marleau and loses puck.
12:34 of 1st period - Wrist shot by Patrick Marleau.
12:34 of 1st period - Shot Misses the Net.
12:36 of 1st period - Snap shot by Eric Fehr.
12:36 of 1st period - Goal by Eric Fehr - Avalanche : 1 - Flyers : 0.
12:37 of 1st period - Leon Draisaitl wins face-off versus Aleksander Barkov in neutral zone.
13:16 of 1st period - Slapshot by Brayden Point.
13:16 of 1st period - Deflect By Nikita Kucherov.
13:16 of 1st period - Stopped by Matt Murray without a rebound.
13:17 of 1st period - Sean Couturier wins face-off versus Martin Necas in Flyers zone.
13:25 of 1st period - Minor Penalty to Nikita Zadorov for Hooking.
13:26 of 1st period - Aleksander Barkov wins face-off versus Calle Jarnkrok in Flyers zone.
14:33 of 1st period - Wrist shot by Vincent Trocheck.
14:33 of 1st period - Stopped by Pekka Rinne with a rebound.
15:25 of 1st period - Penalty to Nikita Zadorov is over, Nikita Zadorov is back on ice.
15:28 of 1st period - T.J. Brodie is hit by Jujhar Khaira and loses puck.
15:37 of 1st period - Snap shot by Leon Draisaitl.
15:37 of 1st period - Shot Misses the Net.
15:39 of 1st period - Slapshot by T.J. Brodie.
15:39 of 1st period - Shot Blocked by Jujhar Khaira.
15:39 of 1st period - Jujhar Khaira from Avalanche is injured at 15:39 of 1st period (Sore Right Knee).
15:40 of 1st period - Sean Couturier wins face-off versus Leon Draisaitl in Avalanche zone.
15:44 of 1st period - Off-side.
15:45 of 1st period - Sean Couturier wins face-off versus Patrick Kane in neutral zone.
16:33 of 1st period - Snap shot by Brayden Point.
16:33 of 1st period - Goal by Brayden Point - Avalanche : 2 - Flyers : 0.
16:34 of 1st period - Aleksander Barkov wins face-off versus Casey Cizikas in neutral zone.
17:13 of 1st period - Snap shot by Leon Draisaitl.
17:13 of 1st period - Shot Blocked by Mark Giordano.
17:19 of 1st period - Jaccob Slavin is hit by Patrick Kane and loses puck.
18:02 of 1st period - Wrist shot by Mark Stone.
18:02 of 1st period - Stopped by Matt Murray without a rebound.
18:03 of 1st period - Filip Forsberg wins face-off versus Carl Soderberg in Flyers zone.
18:08 of 1st period - Travis Zajac is hit by Kevin Connauton.
18:09 of 1st period - Icing by Travis Zajac.
18:10 of 1st period - Carl Soderberg wins face-off versus Travis Zajac in Flyers zone.
18:17 of 1st period - Snap shot by Carl Soderberg.
18:17 of 1st period - Shot Blocked by Brandon Montour.
18:21 of 1st period - Snap shot by Zack Kassian.
18:21 of 1st period - Stopped by Matt Murray without a rebound.
18:22 of 1st period - Aleksander Barkov wins face-off versus Travis Konecny in Flyers zone.
18:23 of 1st period - Snap shot by Nikita Kucherov.
18:23 of 1st period - Stopped by Matt Murray without a rebound.
18:24 of 1st period - Travis Zajac wins face-off versus Aleksander Barkov in Flyers zone.
18:40 of 1st period - Snap shot by Nikita Kucherov.
18:40 of 1st period - Stopped by Matt Murray with a rebound.
18:50 of 1st period - Slapshot by Jakub Vrana.
18:50 of 1st period - Shot Blocked by Carl Soderberg.
Goals for this period are 2 for Avalanche vs 0 for Flyers.
Shots for this period are 14 for Avalanche vs 8 for Flyers.

2nd period


0:01 of 2nd period - Aleksander Barkov wins face-off versus Casey Cizikas in neutral zone.
0:08 of 2nd period - Slapshot by Aleksander Barkov.
0:08 of 2nd period - Stopped by Matt Murray without a rebound.
0:09 of 2nd period - Casey Cizikas wins face-off versus Aleksander Barkov in Flyers zone.
0:09 of 2nd period - Casey Cizikas is hit by Aleksander Barkov.
0:25 of 2nd period - Slapshot by Jakub Vrana.
0:25 of 2nd period - Stopped by Pekka Rinne with a rebound.
0:29 of 2nd period - Backhand shot by Jakub Vrana.
0:29 of 2nd period - Stopped by Pekka Rinne with a rebound.
0:59 of 2nd period - Backhand shot by Martin Necas.
0:59 of 2nd period - Shot Misses the Net.
1:01 of 2nd period - Wrist shot by Martin Necas.
1:01 of 2nd period - Shot Misses the Net.
1:03 of 2nd period - Wrist shot by Casey Cizikas.
1:03 of 2nd period - Stopped by Pekka Rinne without a rebound.
1:04 of 2nd period - Leon Draisaitl wins face-off versus Carl Soderberg in Avalanche zone.
1:07 of 2nd period - Wrist shot by Leon Draisaitl.
1:07 of 2nd period - Stopped by Pekka Rinne with a rebound.
1:09 of 2nd period - Slapshot by Tyson Barrie.
1:09 of 2nd period - Shot Misses the Net.
1:32 of 2nd period - Minor Penalty to Tyson Barrie for Hooking.
1:33 of 2nd period - Calle Jarnkrok wins face-off versus Aleksander Barkov in Flyers zone.
1:50 of 2nd period - Icing by Ryan Ellis.
1:51 of 2nd period - Aleksander Barkov wins face-off versus Calle Jarnkrok in Avalanche zone.
1:55 of 2nd period - Off-side.
1:56 of 2nd period - Casey Cizikas wins face-off versus Nikita Kucherov in neutral zone.
2:04 of 2nd period - Off-side.
2:05 of 2nd period - Aleksander Barkov wins face-off versus Calle Jarnkrok in neutral zone.
2:16 of 2nd period - Snap shot by Brayden Point.
2:16 of 2nd period - Stopped by Matt Murray with a rebound.
2:36 of 2nd period - Snap shot by Aleksander Barkov.
2:36 of 2nd period - Stopped by Matt Murray with a rebound.
2:38 of 2nd period - Wrist shot by Brayden Point.
2:38 of 2nd period - Stopped by Matt Murray with a rebound.
2:40 of 2nd period - Backhand shot by Ryan Ellis.
2:40 of 2nd period - Shot Blocked by Mike Matheson.
2:42 of 2nd period - Wrist shot by Brayden Point.
2:42 of 2nd period - Shot Blocked by Travis Zajac.
3:25 of 2nd period - Off-side.
3:26 of 2nd period - Sean Couturier wins face-off versus Travis Zajac in neutral zone.
3:29 of 2nd period - Snap shot by Sean Couturier.
3:29 of 2nd period - Deflect By Mark Stone.
3:29 of 2nd period - Shot Misses the Net.
3:29 of 2nd period - Puck is out of play.
3:30 of 2nd period - Sean Couturier wins face-off versus Vincent Trocheck in Flyers zone.
3:32 of 2nd period - Penalty to Tyson Barrie is over, Tyson Barrie is back on ice.
3:43 of 2nd period - Slapshot by Mark Stone.
3:43 of 2nd period - Stopped by Matt Murray with a rebound.
3:45 of 2nd period - Snap shot by Jaccob Slavin.
3:45 of 2nd period - Shot Blocked by Brandon Montour.
4:07 of 2nd period - Slapshot by Tyson Barrie.
4:07 of 2nd period - Stopped by Pekka Rinne with a rebound.
4:09 of 2nd period - Slapshot by Travis Zajac.
4:09 of 2nd period - Shot Misses the Net.
4:13 of 2nd period - Snap shot by Vincent Trocheck.
4:13 of 2nd period - Stopped by Pekka Rinne with a rebound.
4:31 of 2nd period - Wrist shot by Vincent Trocheck.
4:31 of 2nd period - Stopped by Pekka Rinne with a rebound.
4:33 of 2nd period - Wrist shot by T.J. Brodie.
4:33 of 2nd period - Deflect By Carl Soderberg.
4:33 of 2nd period - Stopped by Pekka Rinne without a rebound.
4:34 of 2nd period - Sean Couturier wins face-off versus Calle Jarnkrok in Avalanche zone.
4:41 of 2nd period - Snap shot by Calle Jarnkrok.
4:41 of 2nd period - Stopped by Pekka Rinne with a rebound.
4:43 of 2nd period - Snap shot by Calle Jarnkrok.
4:43 of 2nd period - Stopped by Pekka Rinne with a rebound.
5:25 of 2nd period - Calle Jarnkrok is hit by Mattias Ekholm and loses puck.
5:37 of 2nd period - Icing by Brandon Montour.
5:38 of 2nd period - Leon Draisaitl wins face-off versus Sean Couturier in Flyers zone.
5:44 of 2nd period - Wrist shot by Reilly Smith.
5:44 of 2nd period - Shot Misses the Net.
5:58 of 2nd period - Snap shot by Mark Stone.
5:58 of 2nd period - Stopped by Matt Murray without a rebound.
5:59 of 2nd period - Casey Cizikas wins face-off versus Carl Soderberg in Flyers zone.
6:04 of 2nd period - Wrist shot by Martin Necas.
6:04 of 2nd period - Stopped by Pekka Rinne without a rebound.
6:05 of 2nd period - Zack Kassian wins face-off versus Leon Draisaitl in Avalanche zone.
6:13 of 2nd period - Icing by Vincent Trocheck.
6:14 of 2nd period - Leon Draisaitl wins face-off versus Sean Couturier in Flyers zone.
6:27 of 2nd period - Snap shot by Sean Couturier.
6:27 of 2nd period - Deflect By Mark Stone.
6:27 of 2nd period - Shot Misses the Net.
6:27 of 2nd period - Puck is out of play.
6:28 of 2nd period - Leon Draisaitl wins face-off versus Zack Kassian in Flyers zone.
6:41 of 2nd period - Snap shot by Patrick Kane.
6:41 of 2nd period - Goal by Patrick Kane - Avalanche : 2 - Flyers : 1.
6:42 of 2nd period - Leon Draisaitl wins face-off versus Aleksander Barkov in neutral zone.
7:31 of 2nd period - Wrist shot by Ryan Ellis.
7:31 of 2nd period - Stopped by Matt Murray with a rebound.
7:33 of 2nd period - Slapshot by Carl Soderberg.
7:33 of 2nd period - Stopped by Matt Murray with a rebound.
8:06 of 2nd period - Slapshot by Aleksander Barkov.
8:06 of 2nd period - Shot Misses the Net.
8:08 of 2nd period - Snap shot by Brayden Point.
8:08 of 2nd period - Shot Misses the Net.
8:10 of 2nd period - Slapshot by Brayden Point.
8:10 of 2nd period - Shot Blocked by T.J. Brodie.
8:31 of 2nd period - Icing by Filip Forsberg.
8:32 of 2nd period - Aleksander Barkov wins face-off versus Travis Zajac in Flyers zone.
8:37 of 2nd period - Wrist shot by Nikita Kucherov.
8:37 of 2nd period - Shot Misses the Net.
8:57 of 2nd period - Wrist shot by Filip Forsberg.
8:57 of 2nd period - Shot Misses the Net.
8:59 of 2nd period - Slapshot by Nikita Zadorov.
8:59 of 2nd period - Stopped by Pekka Rinne with a rebound.
9:01 of 2nd period - Slapshot by Nikita Zadorov.
9:01 of 2nd period - Shot Blocked by Aleksander Barkov.
9:11 of 2nd period - Wrist shot by Travis Konecny.
9:11 of 2nd period - Shot Misses the Net.
9:29 of 2nd period - Slapshot by Filip Forsberg.
9:29 of 2nd period - Stopped by Pekka Rinne with a rebound.
9:31 of 2nd period - Wrist shot by Filip Forsberg.
9:31 of 2nd period - Stopped by Pekka Rinne without a rebound.
9:32 of 2nd period - Leon Draisaitl wins face-off versus Carl Soderberg in Avalanche zone.
10:13 of 2nd period - Slapshot by Anthony Duclair.
10:13 of 2nd period - Goal by Anthony Duclair - Avalanche : 3 - Flyers : 1.
10:14 of 2nd period - Leon Draisaitl wins face-off versus Sean Couturier in neutral zone.
11:25 of 2nd period - Snap shot by Filip Forsberg.
11:25 of 2nd period - Shot Misses the Net.
12:35 of 2nd period - Slapshot by Carl Soderberg.
12:35 of 2nd period - Stopped by Matt Murray without a rebound.
12:36 of 2nd period - Leon Draisaitl wins face-off versus Eric Fehr in Flyers zone.
12:36 of 2nd period - Leon Draisaitl is hit by Carl Soderberg.
13:56 of 2nd period - Snap shot by Vincent Trocheck.
13:56 of 2nd period - Shot Misses the Net.
14:12 of 2nd period - Calle Jarnkrok is hit by Patrick Marleau and loses puck.
14:19 of 2nd period - Slapshot by Brandon Montour.
14:19 of 2nd period - Stopped by Pekka Rinne without a rebound.
14:20 of 2nd period - Sean Couturier wins face-off versus Leon Draisaitl in Avalanche zone.
14:39 of 2nd period - Mike Matheson is hit by Mark Stone.
14:46 of 2nd period - Icing by Tyson Barrie.
14:47 of 2nd period - Casey Cizikas wins face-off versus Aleksander Barkov in Flyers zone.
15:43 of 2nd period - Calle Jarnkrok is hit by Jay Bouwmeester and loses puck.
16:04 of 2nd period - Snap shot by Sean Couturier.
16:04 of 2nd period - Shot Blocked by Brandon Montour.
16:10 of 2nd period - Wrist shot by Sean Couturier.
16:10 of 2nd period - Shot Blocked by Brandon Montour.
16:12 of 2nd period - Snap shot by Sean Couturier.
16:12 of 2nd period - Stopped by Matt Murray without a rebound.
16:13 of 2nd period - Travis Zajac wins face-off versus Carl Soderberg in Flyers zone.
16:24 of 2nd period - Snap shot by Travis Zajac.
16:24 of 2nd period - Stopped by Pekka Rinne with a rebound.
16:34 of 2nd period - Mark Giordano is hit by T.J. Brodie and loses puck.
16:57 of 2nd period - Jaccob Slavin is hit by Filip Forsberg and loses puck.
17:14 of 2nd period - Wrist shot by Travis Konecny.
17:14 of 2nd period - Shot Misses the Net.
17:16 of 2nd period - Wrist shot by Filip Forsberg.
17:16 of 2nd period - Shot Misses the Net.
17:18 of 2nd period - Wrist shot by Travis Zajac.
17:18 of 2nd period - Stopped by Pekka Rinne without a rebound.
17:19 of 2nd period - Leon Draisaitl wins face-off versus Aleksander Barkov in Avalanche zone.
17:48 of 2nd period - Backhand shot by Kevin Labanc.
17:48 of 2nd period - Stopped by Pekka Rinne without a rebound.
17:49 of 2nd period - Carl Soderberg wins face-off versus Calle Jarnkrok in Avalanche zone.
18:23 of 2nd period - Backhand shot by Leon Draisaitl.
18:23 of 2nd period - Stopped by Pekka Rinne with a rebound.
18:25 of 2nd period - Slapshot by Leon Draisaitl.
18:25 of 2nd period - Shot Blocked by Reilly Smith.
18:57 of 2nd period - Slapshot by Jay Bouwmeester.
18:57 of 2nd period - Stopped by Matt Murray without a rebound.
18:58 of 2nd period - Travis Zajac wins face-off versus Eric Fehr in Flyers zone.
18:58 of 2nd period - Travis Zajac is hit by Eric Fehr.
19:37 of 2nd period - Slapshot by Tyson Barrie.
19:37 of 2nd period - Shot Blocked by Eric Fehr.
19:39 of 2nd period - Slapshot by Tyson Barrie.
19:39 of 2nd period - Shot Blocked by Jaccob Slavin.
19:41 of 2nd period - Slapshot by Tyson Barrie.
19:41 of 2nd period - Stopped by Pekka Rinne without a rebound.
19:42 of 2nd period - Leon Draisaitl wins face-off versus Sean Couturier in Avalanche zone.
Goals for this period are 1 for Avalanche vs 1 for Flyers.
Shots for this period are 12 for Avalanche vs 21 for Flyers.

3rd period


0:01 of 3rd period - Casey Cizikas wins face-off versus Zack Kassian in neutral zone.
0:10 of 3rd period - Wrist shot by Jakub Vrana.
0:10 of 3rd period - Stopped by Pekka Rinne without a rebound.
0:11 of 3rd period - Carl Soderberg wins face-off versus Leon Draisaitl in Avalanche zone.
0:20 of 3rd period - Snap shot by Anthony Duclair.
0:20 of 3rd period - Stopped by Matt Murray without a rebound.
0:21 of 3rd period - Carl Soderberg wins face-off versus Leon Draisaitl in Flyers zone.
0:30 of 3rd period - Wrist shot by Anthony Duclair.
0:30 of 3rd period - Shot Misses the Net.
0:36 of 3rd period - Mattias Ekholm is hit by Leon Draisaitl and loses puck.
1:55 of 3rd period - Slapshot by Leon Draisaitl.
1:55 of 3rd period - Shot Blocked by Mattias Ekholm.
1:59 of 3rd period - Slapshot by Patrick Kane.
1:59 of 3rd period - Shot Blocked by Zack Kassian.
2:01 of 3rd period - Wrist shot by Vincent Trocheck.
2:01 of 3rd period - Shot Misses the Net.
2:37 of 3rd period - Snap shot by Anthony Duclair.
2:37 of 3rd period - Goal by Anthony Duclair - Avalanche : 4 - Flyers : 1.
2:38 of 3rd period - Jakub Vrana wins face-off versus Sean Couturier in neutral zone.
2:50 of 3rd period - Snap shot by Sean Couturier.
2:50 of 3rd period - Shot Misses the Net.
2:52 of 3rd period - Snap shot by Mark Giordano.
2:52 of 3rd period - Deflect By Sean Couturier.
2:52 of 3rd period - Shot Misses the Net.
2:52 of 3rd period - Puck is out of play.
2:53 of 3rd period - Aleksander Barkov wins face-off versus Travis Zajac in Flyers zone.
3:06 of 3rd period - Wrist shot by Filip Forsberg.
3:06 of 3rd period - Shot Blocked by Aleksander Barkov.
3:44 of 3rd period - Nikita Zadorov is hit by Mark Giordano and loses puck.
4:18 of 3rd period - Jay Bouwmeester is hit by Martin Necas and loses puck.
4:28 of 3rd period - Off-side.
4:29 of 3rd period - Eric Fehr wins face-off versus Calle Jarnkrok in neutral zone.
4:34 of 3rd period - Slapshot by Patrick Marleau.
4:34 of 3rd period - Stopped by Matt Murray with a rebound.
4:36 of 3rd period - Wrist shot by Patrick Marleau.
4:36 of 3rd period - Stopped by Matt Murray without a rebound.
4:37 of 3rd period - Casey Cizikas wins face-off versus Reilly Smith in Flyers zone.
4:42 of 3rd period - Mark Stone is hit by Rasmus Ristolainen and loses puck.
5:08 of 3rd period - Wrist shot by Kevin Labanc.
5:08 of 3rd period - Shot Misses the Net.
5:16 of 3rd period - Slapshot by Mattias Ekholm.
5:16 of 3rd period - Shot Blocked by Brandon Montour.
5:18 of 3rd period - Slapshot by Ryan Ellis.
5:18 of 3rd period - Stopped by Matt Murray without a rebound.
5:19 of 3rd period - Travis Konecny wins face-off versus Aleksander Barkov in Flyers zone.
5:24 of 3rd period - Wrist shot by Filip Forsberg.
5:24 of 3rd period - Stopped by Pekka Rinne without a rebound.
5:25 of 3rd period - Travis Zajac wins face-off versus Aleksander Barkov in Avalanche zone.
5:54 of 3rd period - Snap shot by Jakub Vrana.
5:54 of 3rd period - Stopped by Pekka Rinne with a rebound.
7:31 of 3rd period - Slapshot by Travis Konecny.
7:31 of 3rd period - Shot Misses the Net.
7:59 of 3rd period - Snap shot by Nikita Kucherov.
7:59 of 3rd period - Stopped by Matt Murray without a rebound.
8:00 of 3rd period - Calle Jarnkrok wins face-off versus Aleksander Barkov in Flyers zone.
8:05 of 3rd period - Backhand shot by T.J. Brodie.
8:05 of 3rd period - Stopped by Pekka Rinne with a rebound.
8:44 of 3rd period - Icing by T.J. Brodie.
8:45 of 3rd period - Zack Kassian wins face-off versus Leon Draisaitl in Flyers zone.
8:46 of 3rd period - Slapshot by Carl Soderberg.
8:46 of 3rd period - Stopped by Matt Murray without a rebound.
8:47 of 3rd period - Carl Soderberg wins face-off versus Leon Draisaitl in Flyers zone.
8:48 of 3rd period - Snap shot by Anthony Duclair.
8:48 of 3rd period - Stopped by Matt Murray without a rebound.
8:49 of 3rd period - Carl Soderberg wins face-off versus Leon Draisaitl in Flyers zone.
9:34 of 3rd period - Nikita Zadorov is hit by Reilly Smith and loses puck.
10:05 of 3rd period - Snap shot by Carl Soderberg.
10:05 of 3rd period - Shot Misses the Net.
10:38 of 3rd period - Wrist shot by Carl Soderberg.
10:38 of 3rd period - Shot Misses the Net.
10:58 of 3rd period - Patrick Kane is hit by Sean Couturier and loses puck.
11:26 of 3rd period - Off-side.
11:27 of 3rd period - Aleksander Barkov wins face-off versus Martin Necas in neutral zone.
11:52 of 3rd period - Sean Couturier is hit by Mike Matheson and loses puck.
12:14 of 3rd period - Snap shot by Mark Giordano.
12:14 of 3rd period - Shot Misses the Net.
12:32 of 3rd period - Mark Giordano is hit by Casey Cizikas and loses puck.
12:57 of 3rd period - Slapshot by Aleksander Barkov.
12:57 of 3rd period - Stopped by Matt Murray with a rebound.
13:43 of 3rd period - Slapshot by Anthony Duclair.
13:43 of 3rd period - Shot Blocked by Nikita Zadorov.
13:54 of 3rd period - Off-side.
13:55 of 3rd period - Aleksander Barkov wins face-off versus Casey Cizikas in neutral zone.
14:32 of 3rd period - Wrist shot by Aleksander Barkov.
14:32 of 3rd period - Shot Misses the Net.
14:34 of 3rd period - Snap shot by Aleksander Barkov.
14:34 of 3rd period - Shot Misses the Net.
14:36 of 3rd period - Slapshot by Kevin Connauton.
14:36 of 3rd period - Shot Blocked by Martin Necas.
14:38 of 3rd period - Slapshot by Kevin Connauton.
14:38 of 3rd period - Shot Misses the Net.
14:51 of 3rd period - Minor Penalty to Rasmus Ristolainen for Boarding.
14:52 of 3rd period - Sean Couturier wins face-off versus Travis Zajac in Flyers zone.
15:08 of 3rd period - Snap shot by Sean Couturier.
15:08 of 3rd period - Shot Misses the Net.
16:08 of 3rd period - Ryan Ellis is hit by Vincent Trocheck.
16:24 of 3rd period - Filip Forsberg is hit by Carl Soderberg.
16:51 of 3rd period - Penalty to Rasmus Ristolainen is over, Rasmus Ristolainen is back on ice.
16:58 of 3rd period - Ryan Ellis is hit by Travis Zajac and loses puck.
17:11 of 3rd period - Snap shot by Patrick Marleau.
17:11 of 3rd period - Shot Blocked by Brandon Montour.
17:13 of 3rd period - Slapshot by Jay Bouwmeester.
17:13 of 3rd period - Stopped by Matt Murray with a rebound.
17:27 of 3rd period - Jay Bouwmeester is hit by Casey Cizikas and loses puck.
17:54 of 3rd period - Mark Stone is hit by Casey Cizikas and loses puck.
19:24 of 3rd period - Mark Stone is hit by Brandon Montour and loses puck.
19:31 of 3rd period - Calle Jarnkrok is hit by Sean Couturier and loses puck.
Goals for this period are 1 for Avalanche vs 0 for Flyers.
Shots for this period are 10 for Avalanche vs 4 for Flyers.